 Dungeon Crawl Stone Soup version 0.28.0-1-gb440e238dd (webtiles) character file.

Game seed: 4383321803017190357

380 fknight the Chopper (level 6, -1/56 HPs)
             Began as a Hill Orc Monk on Feb 26, 2022.
             Was a Believer of Beogh.
             Slain by a gnoll (3 damage)
             ... on level 4 of the Dungeon.
             The game lasted 00:17:22 (4238 turns).

fknight the Chopper (Hill Orc Monk)                 Turns: 4238, Time: 00:17:25

Health: -1/56      AC:  8    Str: 16    XL:     6   Next: 75%
Magic:  16/16      EV: 10    Int: 10    God:    Beogh [**....]
Gold:   167        SH:  0    Dex: 13    Spells: 5/5 levels left

rFire   . . .      SeeInvis .   l - +0 war axe
rCold   . . .      Faith    .   (no shield)
rNeg    . . .      Spirit   .   d - +1 scale mail
rPois   .          Reflect  .   (no helmet)
rElec   .          Harm     .   j - +0 cloak
rCorr   .          Rampage  .   (no gloves)
Will    .....                   (no boots)
Stlth   +.........              (no amulet)
HPRegen 0.18/turn               p - ring of wizardry
MPRegen 0.15/turn               t - ring of magical power

@: invisible
A: no striking features
a: Renounce Religion, Smiting


You were on level 4 of the Dungeon.
You worshipped Beogh.
Beogh was pleased with you.
You visited 1 branch of the dungeon, and saw 4 of its levels.

You collected 167 gold pieces.

Inventory:

Hand Weapons
 a - a +0 hand axe
 f - a +0 hunting sling
 l - a +0 war axe (weapon)
 n - a +0 dire flail
 q - a +2 antimagic short sword
 r - a +0 spear
 y - a +0 short sword of holy wrath
Missiles
 c - 16 arrows
 h - 104 stones (quivered)
 i - 15 poisoned darts
 v - 20 sling bullets
Armour
 b - a +0 robe
 d - a +1 scale mail (worn)
 j - a +0 cloak (worn)
Jewellery
 p - a ring of wizardry (left hand)
 t - a ring of magical power (right hand)
Scrolls
 m - a scroll of fear
 o - 2 scrolls of enchant armour
 w - a scroll of vulnerability {unknown}
 z - a scroll of identify
Potions
 e - 2 potions of brilliance
 g - 2 potions of might
 u - a potion of haste
 x - a potion of heal wounds {unknown}
 A - a potion of mutation {unknown}
 B - a potion of degeneration {unknown}


   Skills:
 + Level 5.3 Fighting
 + Level 5.8 Axes
 + Level 3.6 Dodging
 + Level 3.2 Stealth
 + Level 1.9 Invocations


You had 5 spell levels left.
You didn't know any spells.
Your spell library contained the following spells:

 Spells                   Type           Power      Damage    Failure   Level
 Animate Skeleton         Necr           0%         N/A       47%         1
 Pain                     Necr           0%         1d4       47%         1
 Vampiric Draining        Necr           0%         2d6       83%         3


Dungeon Overview and Level Annotations

Branches:
Dungeon (4/15)
 Temple: D:4-7

Altars:


Message History

The ufetubus closely misses you. The ufetubus barely misses you.
The gnoll hits you with a +2 spear of pain.
The ufetubus hits you but does no damage. x2
You closely miss the gnoll. You hit the ufetubus.
You kill the ufetubus!
Beogh accepts your kill. The gnoll barely misses you.
You hit the gnoll.
The gnoll is heavily wounded.
The gnoll hits you with a +2 spear of pain.
* * * LOW HITPOINT WARNING * * *
The gnoll hits you with a +2 spear of pain.
* * * LOW HITPOINT WARNING * * *
You writhe in agony.
* * * LOW HITPOINT WARNING * * *
You completely miss the gnoll.
The gnoll is heavily wounded.
The gnoll hits you with a +2 spear of pain!
* * * LOW HITPOINT WARNING * * *
You writhe in agony.
* * * LOW HITPOINT WARNING * * *
You fade into invisibility!
The gnoll completely misses you.
The gnoll throws a stone.
The gnoll throws a stone.
The gnoll throws a stone.
You closely miss the gnoll.
The gnoll is heavily wounded.
The gnoll closely misses you.
You hit the gnoll.
The gnoll is heavily wounded.
The gnoll barely misses you.
You closely miss the gnoll.
The gnoll is heavily wounded.
The gnoll hits you with a +2 spear of pain.
* * * LOW HITPOINT WARNING * * *
You writhe in agony.
* * * LOW HITPOINT WARNING * * *
The gnoll hits you with a +2 spear of pain.
You die...

######### #.......#
#.......#
#####.......####
....((....((....
##.##..@....########.#
#..(g.........##.# .
#....)...####.##.# ..
##...###.# #.##.### #.#
#######†#####.# #.##<##.
... #........<...(#
#.##.##. #.###
#.#####.##########.##.##.
...# #.# #.# #.).......
###>###†# #.# #)#.......


You could see a gnoll.

Vanquished Creatures
  A howler monkey (D:3)
  A jelly (D:4)
  An orc priest (D:4)
  Natasha (D:4)
  A hound skeleton (D:3)
  3 gnolls
  8 adders
  A white imp (D:3)
  An ufetubus (D:4)
  An adder skeleton (D:4)
  4 dart slugs
  7 orcs
  13 ball pythons
  4 endoplasms
  3 giant cockroaches
  4 goblins
  12 hobgoblins
  18 jackals
  3 quokkas (D:1)
  4 bats
  4 frilled lizards
  12 kobolds
  9 rats
116 creatures vanquished.

Notes
Turn   | Place    | Note
-------+----------+-------------------------------------------
     0 | D:1      | fknight the Hill Orc Monk began the quest for the Orb.
     0 | D:1      | Reached XP level 1. HP: 19/19 MP: 1/1
    24 | D:1      | Reached XP level 2. HP: 15/27 MP: 2/2
   229 | D:1      | Found a faded altar of an unknown god.
   367 | D:1      | Reached XP level 3. HP: 26/33 MP: 3/3
  1289 | D:2      | Reached XP level 4. HP: 40/40 MP: 4/4
  2312 | D:3      | Reached skill level 5 in Axes
  2450 | D:3      | Reached XP level 5. HP: 47/47 MP: 5/5
  2565 | D:3      | Became a worshipper of Beogh the Brigand
  2565 | D:3      | Reached * piety under Beogh
  2565 | D:3      | Reached ** piety under Beogh
  3151 | D:4      | Reached skill level 5 in Fighting
  3162 | D:4      | Reached skill level 1 in Invocations
  3162 | D:4      | Reached XP level 6. HP: 28/56 MP: 6/6
  3523 | D:4      | Noticed Natasha
  3529 | D:4      | Killed Natasha
  4238 | D:4      | HP: 2/56 [gnoll (1)]
  4238 | D:4      | Slain by a gnoll

Illustrated notes

Levels and vault maps discovered:
D:1:      amcnicky_arrival_choice, layout_loops_ring,
          hellmonk_ecumenical_altar_lost_god, minmay_misc_feat_hallway
D:2:      layout_loops_ring
D:3:      layout_rooms, minmay_starry_boxes
D:4:      layout_loops_ring, uniq_natasha

Skill      XL: |  1  2  3  4  5 |
---------------+----------------+-----
Stealth        | 2 3 |  3.2
Fighting       | 4 5 |  5.3
Dodging        | 3 |  3.6
Axes           | 5 |  5.8
Invocations    | 1 |  1.9

Action                   |  1- 3 |  4- 6 || total
-------------------------+-------+-------++-------
Melee: Hand axe          |   138 |    24 ||   162
       War axe           |       |   194 ||   194
       Punch             |       |     1 ||     1
       Short sword       |       |     5 ||     5
 Fire: Hunting sling     |       |    23 ||    23
Throw: Stone             |     5 |    98 ||   103
Invok: Convert to Beogh  |       |     1 ||     1
  Use: Scroll            |     3 |     7 ||    10
       Potion            |       |     2 ||     2
Armor: Robe              |     7 |       ||     7
       Scale mail        |    42 |   136 ||   178
Dodge: Dodged            |    75 |   158 ||   233
